 Dungeon Crawl Stone Soup version 0.23-a0-650-ga4d50d4 (webtiles) character file.

50 4thArraOfDagon the Bolt Thrower (level 3, -6/26 HPs)
             Began as a Mummy Arcane Marksman on Jan 2, 2019.
             Was an Initiate of Ashenzari.
             Shot with an arrow by a centaur (12 damage)
             ... on level 5 of the Dungeon.
             The game lasted 00:02:28 (1343 turns).

4thArraOfDagon the Bolt Thrower (MuAM)              Turns: 1343, Time: 00:02:29

Health: -6/26      AC:  3    Str: 13      XL:     3   Next: 55%
Magic:  5/5        EV: 12    Int: 13      God:    Ashenzari [......]
Gold:   118        SH:  0    Dex: 11 (12) Spells: 3/4 levels left

rFire    x . .     SeeInvis .   b - +0 quarterstaff
rCold    + . .     Gourm    .   (shield currently unavailable)
rNeg     + + +     Faith    .   e - +1 robe
rPois    ∞         Spirit   .   (no helmet)
rElec    .         Reflect  .   (no cloak)
rCorr    .         Harm     .   (no gloves)
MR       .....                  (no boots)
Stlth    +.........             c - amulet of rage
HPRegen  0.08/turn              i - ring of wizardry
MPRegen  0.09/turn              (no ring)

@: no status effects
A: no food or potions, fire vulnerability, cold resistance 1, negative energy
resistance 3, torment resistance, unbreathing
a: Curse Item, Renounce Religion


You were on level 5 of the Dungeon.
You worshipped Ashenzari.
Ashenzari was noncommittal.
You were not hungry.

You visited 1 branch of the dungeon, and saw 5 of its levels.

You collected 118 gold pieces.

Inventory:

Hand Weapons
 a - a +0 hand crossbow
 b - a +0 quarterstaff (weapon)
 h - a +0 bardiche
Missiles
 d - 12 bolts
Armour
 e - a +1 robe (worn)
 l - a +0 ring mail
Jewellery
 c - an amulet of rage (around neck)
 i - a ring of wizardry (left hand)
Wands
 k - a wand of polymorph (5)
Scrolls
 j - 2 scrolls of enchant weapon {unknown}


   Skills:
 - Level 1.0 Fighting
 * Level 3.3 Crossbows
 - Level 1.5 Dodging
 - Level 1.3 Spellcasting
 - Level 2.6 Hexes


You had 3 spell levels left.
You knew the following spells:

 Your Spells              Type           Power        Failure   Level  Hunger
a - Corona                Hex            #......      3%          1    N/A

Your spell library contained the following spells:

 Spells                   Type           Power        Failure   Level  Hunger
 Slow                     Hex            #.......     6%          2    N/A
 Inner Flame              Hex/Fire       #.......     19%         3    N/A
 Portal Projectile        Hex/Tloc       #.....       19%         3    N/A
 Cause Fear               Hex            #.........   32%         4    N/A
 Leda's Liquefaction      Hex/Erth       #.........   50%         4    N/A

Dungeon Overview and Level Annotations

Branches:
Dungeon (5/15)             Temple (0/1) D:5

Altars:
Ashenzari
Dithmenos
Fedhas
Kikubaaqudgha
Nemelex Xobeh
Qazlal
Trog
Xom

Annotations:
D:4 Eustachio


Innate Abilities, Weirdness & Mutations

You do not eat or drink.
Your flesh is vulnerable to fire.
You are immune to poison.
Your flesh is cold resistant. (rC+)
You are immune to negative energy. (rN+++)
You are immune to unholy pain and torment.
You can survive without breathing.


Message History

Found an uncursed dagger, 11 gold pieces and a sapphire potion.
There is a stone staircase leading up here.
You see here 2 arrows.
Unknown command.
Unknown command.
The adder hisses angrily.
The centaur shoots an arrow.
The arrow completely misses you.
Unknown command.
Unknown command.
As you read the scroll labeled HATAIG ZENLO, it crumbles to dust.
You feel aware of your surroundings.
You sensed 1 altar.
It was a scroll of magic mapping.
The centaur shoots an arrow.
The arrow closely misses you.
The centaur shoots an arrow.
The arrow closely misses you.
Unknown command.
As you read the scroll labeled DOIVEH SAARU, it crumbles to dust.
It is a scroll of enchant armour.
Your +0 robe glows green for a moment.
The centaur shoots an arrow.
The arrow hits you!
You die...

**,,,*** *,*,* *,*
,,,,,,,******###.#,* *,*
*,,,,*,,,,,,,,...#,* *,*
*,,,,*,,,,,,,,...#+#### *,*
*,,,,**,*****##.......# *,*
*,,,,,,,,,,,,,.!......* *,*
*******,.###*##.....,,* *,*
*,,,,,,,.....#.(..#**** *,*
*,******,**#)...@.# *,*
*,******,,*###.<#.#*******,*
<,,,,,,,.....S....c....,,,,*
,,,,,,,,.......$.......>****
,,,,,,,,........#######**
********##.####.# #,***#.#**
*,,**...,* **,**...,*


You could see a centaur and an adder.

Vanquished Creatures
  3 adders
  An ooze (D:1)
  A leopard gecko (D:3)
  An orc (D:3)
  4 giant cockroaches
  2 hobgoblins
  A ball python (D:3)
  2 kobolds (D:3)
  3 rats
18 creatures vanquished.

Notes
Turn   | Place    | Note
-------+----------+-------------------------------------------
     0 | D:1      | 4thArraOfDagon the Mummy Arcane Marksman began the quest
                  | for the Orb.
     0 | D:1      | Reached XP level 1. HP: 15/15 MP: 2/2
    64 | D:1      | Reached skill level 2 in Crossbows
    64 | D:1      | Reached XP level 2. HP: 8/21 MP: 4/4
   335 | D:3      | Reached XP level 3. HP: 10/26 MP: 5/5
   579 | D:3      | Reached skill level 3 in Crossbows
   625 | D:3      | Found an ancient bone altar of Kikubaaqudgha.
   629 | D:3      | Found a sparkling altar of Nemelex Xobeh.
   631 | D:3      | Found a shadowy altar of Dithmenos.
   632 | D:3      | Found a bloodstained altar of Trog.
   632 | D:3      | Found a stormy altar of Qazlal.
   632 | D:3      | Found a shimmering altar of Xom.
   635 | D:3      | Found a blossoming altar of Fedhas.
  1067 | D:5      | Entered Level 5 of the Dungeon
  1240 | D:3      | Found a shattered altar of Ashenzari.
  1248 | D:3      | Became a worshipper of Ashenzari the Shackled
  1319 | D:4      | Noticed Eustachio
  1340 | D:5      | Noticed a centaur
  1343 | D:5      | Shot with an arrow by a centaur

Vault maps used:
D:1:      kennysheep_arrival_seaside, kennysheep_crisscross, st_stairs_1
D:3:      nicolae_overflow_hidden_temple, minitemple
D:4:      first_ration, serial_forest, infiniplex_forest_lined_2,
          infiniplex_forest_lined_room_2, infiniplex_forest_clump_small,
          infiniplex_forest_corner_1, infiniplex_forest_straight_5,
          corexii_hall_statues_u, uniq_eustachio
D:5:      marbit_many_paths, minmay_temple_entry_gardened_gates,
          gammafunk_ghost_smash, uniq_sigmund

Skill      XL: |  1  2  3 |
---------------+----------+-----
Crossbows      | 2 3 |  3.3
Fighting       | |  1.0
Dodging        | |  1.5
Spellcasting   | |  1.3
Hexes          | |  2.6

Action                   || total
-------------------------++-------
Melee: Quarterstaff      ||    19
 Fire: Hand crossbow     ||    52
  Use: Scroll            ||     2
Armor: Robe              ||    15
Dodge: Dodged            ||    62

Table legend:
 A = Non-vault XP
 B = Vault XP
 C = Vault XP percentage of total XP
 D = Non-vault monster count
 E = Vault monster count
 F = Vault count percentage of total count
                 A         B        C        D         E       F
            +---------+---------+-------+---------+---------+-------
      Total |      72 |       0 |   0.0 |      18 |       0 |   0.0
            +---------+---------+-------+---------+---------+-------
        D:1 |      22 |       0 |   0.0 |       3 |       0 |   0.0
        D:2 |       6 |       0 |   0.0 |       4 |       0 |   0.0
        D:3 |      29 |       0 |   0.0 |       9 |       0 |   0.0
        D:4 |      15 |       0 |   0.0 |       2 |       0 |   0.0
            +---------+---------+-------+---------+---------+-------
